 Dungeon Crawl Stone Soup version 0.30-a0-457-g4b7bca3bfa (webtiles) character file.

Game seed: 6899096254389349076

2062 NinjaNoafa the Summoner (level 9, -20/39 HPs)
             Began as a Felid Summoner on Dec 13, 2022.
             Was an Initiate of Gozag.
             Killed from afar by a steam dragon (26 damage)
             ... with a ball of steam
             ... on level 8 of the Dungeon.
             The game lasted 00:19:31 (10061 turns).

NinjaNoafa the Summoner (Felid Summoner)           Turns: 10061, Time: 00:19:32

Health: -20/39     AC:  2    Str:  4    XL:     9   Next: 5%
Magic:  20/29      EV: 20    Int: 26    God:    Gozag
Gold:   862        SH:  5    Dex: 19    Spells: 2/21 levels left
                                        Lives:  0   Deaths: 2

rFire   . . .      SeeInvis +    (weapon unavailable)
rCold   . . .      Faith    .    (shield unavailable)
rNeg    + . .      Spirit   .    (body armour unavailable)
rPois   .          Reflect  +    (helmet unavailable)
rElec   .          Harm     .    (cloak unavailable)
rCorr   .          Rampage  .    (gloves unavailable)
Will    +....                    (boots unavailable)
Stlth   ++........               B - amulet "Bomimn" {Reflect rN+ Dex+2 SH+5}
HPRegen 0.26/turn                e - ring of magical power
MPRegen 0.21/turn                v - +6 ring of intelligence

@: studying Fighting, quick
A: very small, claws 1, fangs 3, see invisible, speed 1, shaggy fur 2, stealthy
paws, no weapons or thrown items, no armour, multi-lived
a: Renounce Religion, Potion Petition, Call Merchant, Bribe Branch


You were on level 8 of the Dungeon.
You worshipped Gozag.
Gozag was pleased with you.
You visited 2 branches of the dungeon, and saw 9 of its levels.

You collected 1382 gold pieces.
You spent 432 gold pieces at shops.
You paid 88 gold pieces to Gozag.

Inventory:

Jewellery
 e - a ring of magical power (left paw)
 k - a ring of poison resistance
 v - a +6 ring of intelligence (right paw)
 y - a +6 ring of dexterity
 B - the amulet "Bomimn" (around neck) {Reflect rN+ Dex+2 SH+5}
   (You found it on level 8 of the Dungeon)

   [amulet of reflection]

   It reflects blocked missile attacks.
   Dex:       It affects your dexterity (+2).
   rN:        It protects you from negative energy.
   SH:        It affects your SH (+5).
Wands
 o - a wand of flame (29)
 r - a wand of roots (7)
Scrolls
 b - 3 scrolls of fog
 h - 6 scrolls of amnesia
 l - 2 scrolls of blinking {unknown}
 m - 2 scrolls of fear {unknown}
 n - 3 scrolls of teleportation
 p - a scroll of enchant weapon {unknown}
 s - a scroll of vulnerability {unknown}
 t - a scroll of poison {unknown}
 u - 2 scrolls of immolation
 w - a scroll of magic mapping {unknown}
Potions
 a - 2 potions of magic
 c - 3 potions of heal wounds {unknown}
 d - 9 potions of curing
 f - a potion of haste {unknown}
 g - 2 potions of ambrosia
 i - a potion of mutation {unknown}
 j - a potion of attraction {unknown}
 q - 2 potions of brilliance
 x - a potion of flight {unknown}
 z - a potion of degeneration {unknown}
 A - a potion of invisibility {unknown}


   Skills:
 - Level 4.0 Fighting
 - Level 5.1 Dodging
 - Level 2.6 Stealth
 - Level 6.9 Spellcasting
 - Level 7.0 Hexes
 - Level 8.5 Summonings
 + Level 6.3 Air Magic


You had 2 spell levels left.
You knew the following spells:

 Your Spells              Type           Power      Damage    Failure   Level
a - Summon Small Mammal   Summ           100%       N/A       1%          1
b - Call Imp              Summ           52%        N/A       1%          2
c - Call Canine Familiar  Summ           52%        N/A       1%          3
d - Summon Guardian Gole  Hex/Summ       49%        N/A       1%          3
e - Summon Lightning Spi  Summ/Air       47%        N/A       3%          4
f - Summon Cactus Giant   Summ           26%        N/A       30%         6

Your spell library contained the following spells:

 Spells                   Type           Power      Damage    Failure   Level
 Ensorcelled Hibernation  Hex/Ice        54%        N/A       2%          2
 Poisonous Vapours        Pois/Air       50%        N/A       2%          2
 Cigotuvi's Dreadful Rot  Necr/Pois/Air  40%        N/A       4%          2
 Blink                    Tloc           16%        N/A       10%         2
 Scorch                   Fire           16%        2d5       10%         2
 Sublimation of Blood     Necr           8%         N/A       10%         2
 Mephitic Cloud           Conj/Pois/Air  20%        N/A       8%          3
 Anguish                  Hex/Necr       13%        N/A       16%         4
 Ignite Poison            Fire/Tmut/Pois 8%         N/A       19%         3
 Spider Form              Tmut/Pois      8%         N/A       19%         3
 Flame Wave               Conj/Fire      8%         2d5       54%         4
 Manifold Assault         Tloc           8%         N/A       54%         4
 Petrify                  Tmut/Erth      8%         N/A       54%         4
 Sticky Flame             Conj/Fire      8%         2d3       54%         4
 Irradiate                Conj/Tmut      4%         3d13      87%         5
 Storm Form               Tmut/Air       12%        N/A       100%        7
 Ignition                 Fire           4%         3d4       100%        8


Dungeon Overview and Level Annotations

Branches:
Dungeon (8/15)             Temple (1/1) D:4
   Lair: D:8-11

Altars:
Ashenzari
Cheibriados
Dithmenos
Elyvilon
Fedhas
Gozag
Hepliaklqana
Kikubaaqudgha
Makhleb
Nemelex Xobeh
Qazlal
Ru
Trog
Vehumet
Wu Jian
Xom
Yredelemnul
Zin
The Shining One

Shops:
D:5 =


Innate Abilities, Weirdness & Mutations

You have sharp claws.
You have razor-sharp teeth.
You have supernaturally acute eyesight. (SInv)
You cover ground quickly. (Speed+)
You are covered in thick fur. (AC +2)
Your paws help you pounce on unaware monsters.
You are incapable of wielding weapons or throwing items.
You cannot wear armour.
You gain extra lives every three experience levels.


Message History

Press: ? - help, Shift-Dir - straight line, p - guardian golem The roots erupt in riotous growth!
Your guardian golem is unaffected.
Roots grab the steam dragon.
The grasping roots constrict the steam dragon!
Your guardian golem is engulfed in blazing flames.
Flame seeps out of your guardian golem.
Your crimson imp blinks!
The steam dragon bites your guardian golem but does no damage.
The steam dragon claws your guardian golem.
Your guardian golem disappears in a puff of smoke!
Your guardian golem explodes!
The fiery explosion engulfs the steam dragon!!
You hear a screech!
The roots lose their grip on something.
Found a white marble altar of Elyvilon.
The steam dragon breathes steam at you. The ball of steam misses your wolf.
The ball of steam hits you!
* * * LOW HITPOINT WARNING * * *
Your wolf is engulfed in a cloud of scalding steam.
There is an open door here.
Your crimson imp blinks!
Casting: Summon Small Mammal (safe; 1% risk of failure)
Confirm with . or Enter, or press ? or * to list all spells.
An electric hum fills the air.
What are your orders? t - Meow!
Orders for allies: a - Attack new target. r - Retreat! s - Stop attacking. g - Guard the area. f - Follow me.
Anything else - Cancel.
Gang up on whom?
Press: ? - help, Dir - move target, f - sky beast
Aim: a sky beast (heavily wounded, ally target) Attack!
The sky beast flickers out of sight for a moment.
The steam dragon breathes steam at you. The ball of steam hits you!!
Ouch! That really hurt!
You die...
Your body crumbles into a pile of gold.

###'##'##'# $
.....#h.rJ$
#.....#..b..
.'##'##'##$##.
###..#.....#. #.
#..#'###' .. .#
###..#..... .
#.'..'.._..' #
#@8#.. .#
.##.#Y§#'###$#
....#.§#§§.D.#
#....'##D##'#
.#.###....§#
#.....#
#.#####'##'##'#
#....<.........
.......#.####...#


You could see a steam dragon (catching breath), a sky beast (invisible, ally
target) and a friendly lightning spire (summoned).

Vanquished Creatures (collateral kills)
  Psyche (D:8)
  A nameless horror (D:7)
  2 steam dragons (D:7)
  Edmund (D:4)
  An ogre (D:6)
  3 centaurs
  2 phantoms
  Blork the orc (D:4)
  2 bullfrogs (D:7)
  A gnoll sergeant (D:4)
  3 necrophages
  A scorpion (D:5)
  A killer bee (D:7)
  5 howler monkeys
  A bullfrog zombie (D:5)
  2 centaur zombies (D:5)
  A gnoll bouda (D:4)
  7 hounds
  2 orc priests (D:6)
  A human zombie (D:5)
  5 jellies
  8 orc wizards
  3 mummies (D:5)
  A howler monkey zombie (D:5)
  17 gnolls
  8 adders
  2 shadow imps
  2 white imps
  3 ufetubi (D:5)
  2 adder zombies (D:5)
  A worm (D:4)
  3 dart slugs
  31 orcs
  7 bats
  3 endoplasms
  2 giant cockroaches (D:2)
  7 goblins
  9 hobgoblins
  16 jackals
  14 kobolds
  3 quokkas (D:1)
  4 ball pythons
  4 frilled lizards
  4 rats
198 creatures vanquished.

Vanquished Creatures (others)
  Maggie (D:8)
  A troll (D:6)
  A kobold brigand (D:8)
  3 killer bees (D:7)
  Crazy Yiuf (D:6)
  A white imp (D:7)
  4 plants (D:4)
12 creatures vanquished.

Grand Total: 210 creatures vanquished

Notes
Turn   | Place    | Note
-------+----------+-------------------------------------------
     0 | D:1      | NinjaNoafa the Felid Summoner began the quest for the Orb.
     0 | D:1      | Reached XP level 1. HP: 7/7 MP: 4/4
   144 | D:1      | Reached XP level 2. HP: 11/11 MP: 4/6
   170 | D:1      | Learned a level 2 spell: Call Imp
   599 | D:1      | Reached XP level 3. HP: 14/14 MP: 8/8
   767 | D:1      | You fall into a shaft and drop 1 floor!
  1543 | D:2      | Learned a level 3 spell: Call Canine Familiar
  1715 | D:2      | Reached XP level 4. HP: 18/18 MP: 9/9
  2457 | D:3      | Noticed an eye of devastation
  2460 | D:3      | Found a faded altar of an unknown god.
  2465 | D:3      | Noticed a golden eye
  2471 | D:3      | Noticed a great orb of eyes
  2480 | D:3      | Noticed an eye of devastation
  2679 | D:3      | Reached skill level 5 in Summonings
  3139 | D:3      | Learned a level 3 spell: Summon Guardian Golem
  3203 | D:4      | Noticed Edmund
  3222 | D:3      | Reached skill level 1 in Hexes
  3222 | D:3      | Reached XP level 5. HP: 12/21 MP: 11/11
  3672 | D:4      | Gained mutation: You are covered in thick fur. (AC +2)
                  | [Felid growth]
  3672 | D:4      | Reached XP level 6. HP: 24/24 MP: 13/13
  3697 | D:4      | Killed Edmund
  3822 | D:4      | Found a staircase to the Ecumenical Temple.
  3836 | Temple   | Entered the Ecumenical Temple
  3853 | Temple   | Became a worshipper of Gozag Ym Sagoz the Greedy
  3938 | D:4      | Reached skill level 6 in Summonings
  3976 | D:4      | Noticed Blork the orc
  3989 | D:4      | Killed Blork the orc
  4080 | D:4      | Reached XP level 7. HP: 27/27 MP: 14/14
  4288 | D:4      | Reached skill level 5 in Hexes
  4609 | D:4      | Reached skill level 5 in Spellcasting
  4758 | D:4      | Learned a level 4 spell: Summon Lightning Spire
  4761 | D:4      | Learned a level 2 spell: Ensorcelled Hibernation
  5451 | D:4      | Found a bloodstained altar of Trog.
  5525 | D:5      | Entered Level 5 of the Dungeon
  5739 | D:5      | Reached XP level 8. HP: 31/31 MP: 16/16
  5926 | D:5      | Found Pad Syti's Jewellery Shoppe.
  5934 | D:5      | Bought a +6 ring of intelligence for 432 gold pieces
  5989 | D:5      | Reached skill level 7 in Summonings
  5989 | D:5      | Reached skill level 1 in Air Magic
  6135 | D:5      | Found a basalt altar of Yredelemnul.
  7132 | D:6      | Reached skill level 1 in Fighting
  7139 | D:6      | Noticed a troll
  7175 | D:6      | Killed a troll
  7176 | D:6      | Reached skill level 8 in Summonings
  7176 | D:6      | Reached XP level 9. HP: 36/36 MP: 19/19
  7414 | D:6      | Found a runed translucent door.
  7414 | D:6      | Noticed Crazy Yiuf
  7538 | D:6      | Killed Crazy Yiuf
  7701 | D:7      | Engulfed by a steam dragon's steam
  7702 | D:7      | Reached XP level 8. HP: -2/33 MP: 24/27
  7915 | D:7      | Engulfed by a steam dragon's steam
  7916 | D:7      | Reached XP level 7. HP: -3/30 MP: 20/26
  8008 | D:7      | Learned a level 6 spell: Summon Cactus Giant
  8186 | D:7      | Found a shadowy altar of Dithmenos.
  8201 | D:7      | Noticed a steam dragon
  8202 | D:7      | Noticed a nameless horror
  8354 | D:7      | Found an ornate altar of the Wu Jian Council.
  8495 | D:7      | Found an ancient bone altar of Kikubaaqudgha.
  8516 | D:7      | Found a shimmering altar of Xom.
  8661 | D:7      | Found a blossoming altar of Fedhas.
  8692 | D:7      | Killed a steam dragon
  8795 | D:7      | Killed a nameless horror
  8841 | D:7      | Killed a steam dragon
  8842 | D:7      | Reached XP level 8. HP: 21/34 MP: 11/19
  9117 | D:8      | Identified the amulet "Bomimn" {Reflect rN+ Dex+2 SH+5}
  9259 | D:8      | Reached skill level 5 in Dodging
  9542 | D:8      | Noticed Maggie
  9548 | D:8      | Noticed Psyche
  9551 | D:8      | Killed Maggie
  9552 | D:8      | Reached skill level 5 in Air Magic
  9553 | D:8      | Killed Psyche
  9813 | D:8      | Reached XP level 9. HP: 39/39 MP: 20/20
  9827 | D:8      | HP: 1/39 [something] (9)]
 10055 | D:8      | Found a white marble altar of Elyvilon.
 10061 | D:8      | Killed from afar by a steam dragon

Illustrated notes

Levels and vault maps discovered:
D:1:      elethiomel_arrival_shortcut, layout_rooms, st_stairs_2,
          minmay_strange_pillars, chequers_serial_rivers_small_a
D:2:      layout_basic, minmay_misc_feat_secret_circle
D:3:      layout_loops_ring, hellmonk_ecumenical_altar_watching_god,
          minmay_circle_x
D:4:      lemuel_castle_with_subvaults [lemuel_castle_interior_carwin_2],
          layout_cave_pools, mainiacjoe_overflow_chevrons,
          minmay_temple_entry_hall, uniq_edmund, uniq_blork_the_orc
D:5:      layout_gridville, lemuel_mausoleum_altar_yredelemnul,
          minmay_shop_enchanted_jewellery
D:6:      layout_cave_pools, minmay_manual_mullet, uniq_crazy_yiuf_cottage
D:7:      layout_cave_pods, fedhas_altar_2, old_standard_altar,
          nzn_wu_jian_contemplation, gammafunk_temple_overflow_pools
D:8:      layout_loops_ring, mainiacjoe_overflow_24_doors, uniq_maggie,
          uniq_amaemon, uniq_psyche
Temple:   hellmonk_temple_of_storms

Skill      XL: |  1  2  3  4  5  6  7  8  9 |
---------------+----------------------------+-----
Spellcasting   | 3 4 5 6 |  6.9
Summonings     | 5 6 8 |  8.5
Hexes          | 1 2 4 7 |  7.0
Air Magic      | 4 6 |  6.3
Dodging        | 5 4 |  5.1
Fighting       | 3 4 2 |  4.0
Stealth        | |  2.6

Action                   |  1- 3 |  4- 6 |  7- 9 || total
-------------------------+-------+-------+-------++-------
Melee: Unarmed           |     2 |     1 |    11 ||    14
       Bite              |     1 |       |     1 ||     2
 Cast: Summon Small Mamm |    47 |    38 |    92 ||   177
       Call Imp          |    12 |    17 |    39 ||    68
       Call Canine Famil |     3 |    19 |    40 ||    62
       Summon Guardian G |       |     3 |    25 ||    28
       Summon Cactus Gia |       |       |     7 ||     7
       Summon Lightning  |       |       |    31 ||    31
       Ensorcelled Hiber |       |       |     4 ||     4
Evoke: Wand              |       |       |     2 ||     2
  Use: Scroll            |       |       |    11 ||    11
       Potion            |       |       |     2 ||     2
 Stab: Sleeping          |       |       |     2 ||     2
       Betrayed ally     |       |       |     1 ||     1
Armor: Skin              |     9 |       |    13 ||    22
Dodge: Dodged            |    45 |    41 |   143 ||   229
Block: Other             |       |       |     2 ||     2
       Reflection        |       |       |     1 ||     1

Table legend: (Time is in decaauts)
 A = Elapsed time spent in this place.
 B = Non-inter-level travel time spent in this place.
 C = Inter-level travel time spent in this place.
 D = Time resting spent in this place.
 E = Time spent auto-exploring this place.
 F = Levels seen in this place.
 G = Mean time per level.
                   A        B        C        D        E       F      G
               +--------+--------+--------+--------+--------+-----+--------+
         Total |   9371 |   9082 |    289 |      0 |   6685 |   9 | 1041.2 |
       Dungeon |   9334 |   9051 |    283 |      0 |   6664 |   8 | 1166.8 |
        Temple |     37 |     32 |      5 |      0 |     20 |   1 |   37.0 |
               +--------+--------+--------+--------+--------+-----+--------+

Top non-repeatable levels by time:
     D:4: 2138 daAuts
     D:7: 1568 daAuts
     D:2: 1199 daAuts
     D:5: 1016 daAuts
     D:1: 915 daAuts
     D:6: 901 daAuts
     D:3: 853 daAuts
     D:8: 741 daAuts
  Temple: 37 daAuts
